 Dungeon Crawl Stone Soup version 0.18-a0-1805-g8ab820f (webtiles) character file.

213 Mefis the Magician (level 5, -7/28 HPs)
             Began as a Deep Elf Wizard on Apr 26, 2016.
             Killed by divine providence
             ... invoked by an orc priest
              (11 damage)
             ... on level 3 of the Dungeon.
             The game lasted 00:24:47 (3141 turns).

Mefis the Magician (Deep Elf Wizard)                Turns: 3141, Time: 00:24:47

Health: -7/28      AC:  4    Str:  4    XL:     5   Next: 59%
Magic:  5/24       EV: 13    Int: 24    God:
Gold:   212        SH:  0    Dex: 13    Spells: 7 memorised, 1 level left

rFire  . . .     SeeInvis .     t - +2 quarterstaff (chaos)
rCold  . . .     Gourm    .     a - +0 robe
rNeg   . . .     Faith    .     (shield currently unavailable)
rPois  .         Spirit   .     w - +0 helmet (curse)
rElec  .         Dismiss  .     k - +0 cloak
rCorr  .         Reflect  .     (no gloves)
SustAt .         Harm     .     (no boots)
MR     .....                    (no amulet)
Stlth  ++........               (no ring)
                                j - ring of magical power

@: repel missiles, not resistant to hostile enchantments, unstealthy
A: no striking features
a: no special abilities


You were on level 3 of the Dungeon.
You were not hungry.

You visited 1 branch of the dungeon, and saw 3 of its levels.

You collected 212 gold pieces.

Inventory:

Hand Weapons
 b - a +2 dagger of speed
 t - a +2 quarterstaff of chaos (weapon)
 x - a +0 short sword of freezing
Missiles
 h - 18 poisoned needles
 A - 25 sling bullets
Armour
 a - a +0 robe (worn)
 k - a +0 cloak (worn)
 w - a cursed +0 helmet (worn)
Jewellery
 j - a ring of magical power (left hand)
Wands
 q - a wand of flame (14/48)
Scrolls
 e - 2 scrolls of magic mapping {unknown}
 g - 4 scrolls of enchant armour {unknown}
 m - 5 scrolls of identify {unknown}
 n - a scroll of remove curse {unknown}
 o - a scroll of fog {unknown}
 r - a scroll of enchant weapon {unknown}
 v - a scroll of random uselessness {unknown}
 y - a scroll of teleportation {unknown}
Potions
 i - a potion of heal wounds {unknown}
 l - a potion of cure mutation {unknown}
 s - a potion of curing {unknown}
 u - a potion of haste {unknown}
 z - a potion of might {unknown}
Books
 c - a book of Minor Magic

   Spells                             Type                      Level
   a - Magic Dart                     Conjuration                  1
   b - Blink                          Translocation                2
   c - Call Imp                       Summoning                    2
   d - Repel Missiles                 Charms/Air                   2
   e - Slow                           Hexes                        2
   f - Conjure Flame                  Conjuration/Fire             3
   g - Mephitic Cloud                 Conjuration/Poison/Air       3
Comestibles
 d - 3 bread rations
 f - 2 meat rations
 p - a slice of pizza


   Skills:
 + Level 2.8 Dodging
 * Level 3.5 Stealth
 + Level 6.0 Spellcasting
 * Level 2.1 Conjurations
 * Level 2.4 Summonings
 * Level 2.2 Translocations
 + Level 0.2 Fire Magic
 * Level 1.6 Air Magic


You had one spell level left.
You knew the following spells:

 Your Spells              Type           Power        Failure   Level  Hunger
a - Magic Dart            Conj           ###.         3%          1    None
b - Call Imp              Summ           ###.....     6%          2    None
c - Blink                 Tloc           N/A          6%          2    None
d - Repel Missiles        Chrm/Air       ##....       12%         2    None
e - Mephitic Cloud        Conj/Pois/Air  ##......     17%         3    #......
f - Conjure Flame         Conj/Fire      ##......     17%         3    #......
g - Slow                  Hex            #.......     12%         2    None


Dungeon Overview and Level Annotations

Branches:
Dungeon (3/15)

Altars:


Message History

The orc hits your crimson imp with a hand axe.
Your white imp barely misses the orc priest.
Casting: Call Imp
Confirm with . or Enter, or press ? or * to list all spells.
A metallic apparition takes form in the air.
Your white imp gestures at the orc priest.
The puff of frost hits the orc priest.
The orc hits you but does no damage.
The orc hits your crimson imp with a hand axe.
Your crimson imp hits the orc.
Your white imp hits the orc priest but does no damage.
You swap places.
Your white imp hits the orc priest but does no damage.
Your iron imp hits the orc.
The orc dies!
The orc priest calls down the wrath of Beogh upon you.
Beogh smites you!
* * * LOW HITPOINT WARNING * * *
The orc priest calls down the wrath of Beogh upon you.
Beogh smites you!
You die...

.######................
###...#..........
##.##..#..#....
###.###.....>...
#.......#.......
###...####.#...###
#.#.### #.#....##
###..†# #.......#
##..@..# ###.##...
##)5...## ### #.##.## .
###.....## ##.###.##.#
....###.5....##
##...##.##.#
..)...oo....##
#..........##
.....5..#####
##...##.##### ..###.###
##.###.# # ## #÷.)...#
# #################
#..##### #


You could see 2 orc priests, a friendly iron imp and a friendly crimson imp.

Vanquished Creatures
  Crazy Yiuf (D:2)
  Jessica (D:2)
  An orc wizard (D:3)
  Robin (D:3)
  3 adders (D:2)
  2 worms (D:2)
  3 dart slugs
  A giant gecko (D:2)
  5 orcs (D:3)
  5 giant cockroaches
  5 goblins (D:3)
  10 hobgoblins
  7 jackals
  3 kobolds
  2 quokkas
  8 bats
58 creatures vanquished.

Vanquished Creatures (collateral kills)
  Terence (D:2)
  A worm (D:2)
  An orc (D:3)
  A goblin (D:3)
  2 jackals (D:2)
6 creatures vanquished.

Grand Total: 64 creatures vanquished

Notes
Turn   | Place    | Note
--------------------------------------------------------------
     0 | D:1      | Mefis the Deep Elf Wizard began the quest for the Orb.
     0 | D:1      | Reached XP level 1. HP: 10/10 MP: 7/7
   340 | D:1      | Reached XP level 2. HP: 15/15 MP: 9/9
   344 | D:1      | Learned a level 2 spell: Call Imp
   347 | D:1      | Learned a level 2 spell: Blink
   350 | D:1      | Learned a level 2 spell: Repel Missiles
   671 | D:2      | Reached skill level 5 in Spellcasting
   780 | D:2      | Noticed Terence
   790 | D:2      | Reached XP level 3. HP: 12/19 MP: 9/11
   796 | D:2      | Killed Terence
   973 | D:2      | Learned a level 3 spell: Mephitic Cloud
  1002 | D:2      | Noticed Jessica
  1007 | D:2      | Killed Jessica
  1007 | D:2      | Reached XP level 4. HP: 24/24 MP: 13/13
  1012 | D:2      | Learned a level 3 spell: Conjure Flame
  1232 | D:2      | Reached skill level 1 in Air Magic
  1400 | D:2      | Noticed Crazy Yiuf
  1420 | D:2      | Killed Crazy Yiuf
  2067 | D:2      | Reached skill level 6 in Spellcasting
  2071 | D:2      | Learned a level 2 spell: Slow
  2090 | D:2      | Reached XP level 5. HP: 25/28 MP: 15/15
  2281 | D:3      | Noticed Robin
  2517 | D:3      | Killed Robin
  3141 | D:3      | Killed from afar by an orc priest

Vault maps used:
D:1:      lightli_arrival_quake
D:2:      first_bread, uniq_jessica, uniq_terence, uniq_crazy_yiuf_cottage
D:3:      nicolae_tso_carved_into_rock, uniq_grinder, uniq_robin, uniq_iyjb

Skill      XL: |  1  2  3  4  5 |
---------------+----------------+-----
Spellcasting   | 5 6 |  6.0
Air Magic      | 1 |  1.6
Stealth        | 3 |  3.5
Summonings     | 2 |  2.4
Conjurations   | 2 |  2.1
Translocations | 2 |  2.2
Dodging        | |  2.8
Fire Magic     | |  0.2

Action                   |  1- 3 |  4- 6 || total
-------------------------+-------+-------++-------
Melee: Mace              |     1 |       ||     1
       Quarterstaff      |       |     1 ||     1
 Cast: Magic Dart        |    43 |   120 ||   163
       Call Imp          |     4 |     6 ||    10
       Repel Missiles    |     1 |     1 ||     2
       Mephitic Cloud    |     1 |    10 ||    11
       Conjure Flame     |       |     5 ||     5
       Blink             |       |     2 ||     2
       Slow              |       |     1 ||     1
 Stab: Sleeping          |     1 |       ||     1
  Eat: Chunk             |       |     7 ||     7
Armor: Robe              |     1 |     5 ||     6
Dodge: Dodged            |     5 |    20 ||    25
       Deflected         |       |     3 ||     3
